 Dungeon Crawl Stone Soup version 0.29-a0-23-ga79f92ac9c (webtiles) character file.

Game seed: 6862852001998123013

487 oldriver the Chopper (level 7, -15/64 HPs)
             Began as a Hill Orc Fighter on Jan 31, 2022.
             Demolished by an ogre (23 damage)
             ... on level 4 of the Dungeon.
             The game lasted 00:04:52 (4371 turns).

oldriver the Chopper (Hill Orc Fighter)             Turns: 4371, Time: 00:04:53

Health: -15/64     AC: 17    Str: 21    XL:     7   Next: 13%
Magic:  7/7        EV:  9    Int:  8    God:
Gold:   264        SH:  4    Dex: 10    Spells: 6/6 levels left

rFire   . . .      SeeInvis .   a - +1 war axe (protect)
rCold   + . .      Faith    .   c - +0 buckler
rNeg    . . .      Spirit   .   b - +0 scale mail
rPois   .          Reflect  .   m - +2 hat
rElec   .          Harm     .   (no cloak)
rCorr   .          Rampage  .   p - +0 pair of gloves
Will    .....                   (no boots)
Stlth   ..........              (no amulet)
HPRegen 0.20/turn               q - ring of protection from cold
MPRegen 0.10/turn               (no ring)

@: under a protective aura
A: no striking features
a: no special abilities


You were on level 4 of the Dungeon.
You visited 1 branch of the dungeon, and saw 4 of its levels.
You also visited: Sewer.

You collected 264 gold pieces.

Inventory:

Hand Weapons
 a - a +1 war axe of protection (weapon)
Missiles
 f - 3 poisoned darts (quivered)
Armour
 b - a +0 scale mail (worn)
 c - a +0 buckler (worn)
 m - a +2 hat (worn)
 p - a +0 pair of gloves (worn)
Jewellery
 g - an amulet of guardian spirit
 q - a ring of protection from cold (left hand)
Wands
 i - a wand of flame (10)
Scrolls
 h - 2 scrolls of enchant weapon
 j - a scroll of magic mapping
 n - a scroll of identify
 o - a scroll of amnesia
Potions
 d - a potion of might
 e - 2 potions of lignification
 k - a potion of heal wounds {unknown}
 l - a potion of haste
 t - a potion of berserk rage


   Skills:
 + Level 6.6 Fighting
 + Level 6.7 Axes
 - Level 4.0 Armour
 - Level 4.0 Shields


You had 6 spell levels left.
You didn't know any spells.
Your spell library contained the following spells:

 Spells                   Type           Power      Damage    Failure   Level
 Ensorcelled Hibernation  Hex/Ice        0%         N/A       92%         2
 Passwall                 Tmut/Erth      0%         N/A       92%         2
 Ignite Poison            Fire/Tmut/Pois 0%         N/A       99%         3
 Mephitic Cloud           Conj/Pois/Air  0%         N/A       99%         3
 Swiftness                Air            0%         N/A       99%         3
 Freezing Cloud           Conj/Ice/Air   0%         6-21      100%        5


Dungeon Overview and Level Annotations

Branches:
Dungeon (4/15)              Sewer (visited)
 Temple: D:4-7

Altars:
Dithmenos
Fedhas

Annotations:
D:3 1 runed translucent door, Crazy Yiuf


Message History

The ogre hits you with a +0 giant spiked club!
You barely miss the ogre.
The ogre hits you with a +0 giant spiked club!
You barely miss the ogre. The ogre barely misses you.
You hit the ogre but do no damage.
Your weapon exudes an aura of protection.
The ogre closely misses you.
You barely miss the ogre. You hit the ogre.
The ogre is lightly wounded.
The ogre hits you but does no damage.
You completely miss the ogre.
The ogre is lightly wounded.
The ogre closely misses you.
You closely miss the ogre.
The ogre is lightly wounded.
The ogre hits you with a +0 giant spiked club!!
You hit the ogre.
The ogre is moderately wounded.
The ogre closely misses you.
You closely miss the ogre.
The ogre is moderately wounded.
The ogre closely misses you.
You slash the ogre!
The ogre is severely wounded.
You block the ogre's attack.
You hit the ogre.
The ogre is severely wounded.
The ogre closely misses you.
You barely miss the ogre.
The ogre is severely wounded.
The ogre barely misses you.
You hit the ogre.
The ogre is almost dead.
The ogre hits you with a +0 giant spiked club!
* * * LOW HITPOINT WARNING * * *
You barely miss the ogre.
The ogre is almost dead.
The ogre hits you with a +0 giant spiked club!!
You die...

*,,,* #.......###....#
#.. *,*,*
#..............########..
*,,,*
#...#...###..#.#.........
*,****
#..###...................
*,,,,*
#...#....####..#.........
****,*
#........#***..########).
*,* #........#,,,..# #..
*,**########.#,**.## #..
*,,,,,,,,**#@#,**,* #..
*,,,,......O......# #..
*,,,,....##.##.#### #..
*,,,,..,,,..,,.# #..
**,,,,,,,##.***# ##.
*,,,,,,,,.$* #########
####. *,,,,,,,*##*
#.......###.... *********
#.###.......#..
#.###.#.....#.#


You could see an ogre.

Vanquished Creatures
  An ice beast (D:4)
  Pargi (Sewer)
  A centaur zombie (D:4)
  A bullfrog skeleton (D:4)
  2 hounds (D:4)
  A hound skeleton (D:4)
  3 gnolls (D:4)
  4 adders
  3 worms
  An adder skeleton (D:4)
  A dart slug (D:3)
  4 orcs (D:4)
  6 ball pythons
  7 endoplasms
  4 giant cockroaches
  4 hobgoblins
  3 jackals (D:3)
  10 kobolds
  4 quokkas
  11 bats
  4 frilled lizards
  3 goblins
  12 rats
91 creatures vanquished.

Vanquished Creatures (others)
  A fungus (D:1)
  4 plants
5 creatures vanquished.

Grand Total: 96 creatures vanquished

Notes
Turn   | Place    | Note
-------+----------+-------------------------------------------
     0 | D:1      | oldriver the Hill Orc Fighter began the quest for the Orb.
     0 | D:1      | Reached XP level 1. HP: 19/19 MP: 1/1
   420 | D:1      | Reached XP level 2. HP: 7/27 MP: 2/2
  1041 | D:1      | Found a faded altar of an unknown god.
  1631 | D:2      | Reached XP level 3. HP: 33/33 MP: 3/3
  2752 | D:3      | Found a blossoming altar of Fedhas.
  2789 | D:3      | Reached XP level 4. HP: 40/40 MP: 4/4
  3101 | D:3      | Found a shadowy altar of Dithmenos.
  3238 | D:3      | Identified the +1 ring mail "Jaugoova" {Stlth+}
  3357 | D:3      | Found a runed translucent door.
  3358 | D:3      | Noticed Crazy Yiuf
  3533 | D:4      | Reached XP level 5. HP: 45/47 MP: 5/5
  3612 | D:4      | Reached skill level 5 in Fighting
  3736 | D:4      | Reached skill level 5 in Axes
  3752 | D:4      | Found a glowing drain.
  3780 | Sewer    | Entered a sewer
  3824 | Sewer    | Noticed Pargi
  3831 | Sewer    | Killed Pargi
  3832 | Sewer    | Reached XP level 6. HP: 55/57 MP: 6/6
  4168 | D:4      | Noticed an ice beast
  4175 | D:4      | Killed an ice beast
  4176 | D:4      | Reached XP level 7. HP: 64/64 MP: 7/7
  4371 | D:4      | Demolished by an ogre

Illustrated notes

Levels and vault maps discovered:
D:1:      dpeg_arrival_water_fire, layout_basic,
          shapermc_ecumenical_altar_mp_ritualfount
D:2:      layout_loops_corners
D:3:      layout_basic, nicolae_dithmenos_the_darkroom,
          mainiacjoe_overflow_alcove_2, lexackson_kobold_supper,
          uniq_crazy_yiuf_cottage
D:4:      layout_loops_cross, cheibrodos_sewer_entry_bend

Skill      XL: |  1  2  3  4  5  6 |
---------------+-------------------+-----
Axes           | 3 4 5 6 |  6.7
Fighting       | 4 5 6 |  6.6
Shields        | 4 |  4.0
Armour         | 4 |  4.0

Action                   |  1- 3 |  4- 6 |  7- 9 || total
-------------------------+-------+-------+-------++-------
Melee: War axe           |   112 |   130 |    18 ||   260
  Use: Potion            |       |     1 |       ||     1
       Scroll            |       |     9 |       ||     9
Armor: Scale mail        |    45 |    82 |     2 ||   129
Dodge: Dodged            |    58 |    58 |     7 ||   123
Block: Buckler           |    30 |    34 |     3 ||    67

Table legend: (Time is in decaauts)
 A = Elapsed time spent in this place.
 B = Non-inter-level travel time spent in this place.
 C = Inter-level travel time spent in this place.
 D = Time resting spent in this place.
 E = Time spent auto-exploring this place.
 F = Levels seen in this place.
 G = Mean time per level.
                   A        B        C        D        E       F      G
               +--------+--------+--------+--------+--------+-----+--------+
         Total |   4460 |   4320 |    140 |     92 |   3321 |   5 |  892.0 |
       Dungeon |   4354 |   4214 |    140 |     92 |   3261 |   4 | 1088.5 |
         Sewer |    106 |    106 |      0 |      0 |     60 |   1 |  106.0 |
               +--------+--------+--------+--------+--------+-----+--------+

Top non-repeatable levels by time:
     D:1: 1552 daAuts
     D:2: 1062 daAuts
     D:3: 969 daAuts
     D:4: 768 daAuts
   Sewer: 106 daAuts
